Map: Bel'Shir Vestige LE (Void)

Players

Pokebunny

  • Race: Terran Terran
  • Spawn Location: 11:00

BLY - Winner!

  • Race: Zerg Zerg
  • Spawn Location: 5:00

Event: WCS Austin 2017

VOD

Have the link to the VOD?

Description

Time

  • Played on: April 28, 2017, 4:47 p.m.
  • Length: 10:49

All games in this series

Show
View Real Time Build Order
Export as new Build Order

Pokebunny Terran 

Build Orders: Reaper Expand 

Get SALT Encoding   

  12  0:00  SCV  
  13  0:12  SCV  
  14  0:17  Supply Depot  
  14  0:25  SCV  
  15  0:29  Refinery  
  15  0:39  SCV  
  16  0:44  Barracks  
  16  0:51  SCV  
  17  1:03  SCV  
  18  1:15  SCV  
  19  1:31  Reaper, Orbital Command  
  20  1:40  Command Center  
  20  1:51  Factory  
  20  1:57  SCV  
  20  2:00  Refinery  
  21  2:09  Barracks Reactor, SCV  
  21  2:13  Supply Depot  
  22  2:21  SCV  
  23  2:35  SCV  
  24  2:41  Factory  
  24  2:49  Hellion x2  
  24  2:50  SCV  
  29  2:55  Orbital Command  
  29  2:58  Barracks Reactor  
  29  3:02  SCV  
  30  3:11  Hellion x2  
  34  3:18  Supply Depot  
  34  3:23  SCV  
  34  3:24  SCV  
  36  3:35  SCV  
  37  3:41  Cyclone x2  
  37  3:45  Cyclone  
  46  3:49  SCV x2  
  46  3:53  Hellion  
  50  3:55  Supply Depot  
  50  4:04  Armory  
  50  4:09  Supply Depot  
  50  4:11  SCV x2  
  52  4:18  Cyclone  
  52  4:19  Hellion  
  52  4:23  Hellion  
  59  4:32  Supply Depot  
  59  4:33  Hellion  
  59  4:34  SCV x2  
  59  4:37  Supply Depot  
  63  4:42  Cyclone  
  65  4:50  SCV  
  65  4:51  SCV  
  66  5:02  SCV  
  66  5:03  SCV  
  68  5:14  SCV  
  68  5:15  Command Center, SCV  
  60  5:27  Hellion, SCV x2  
  60  5:28  Cyclone, Hellion  
  53  5:37  Cyclone  
  53  5:39  SCV  
  53  5:42  Refinery, Terran Vehicle Weapons Level 1  
  57  5:43  Refinery  
  57  5:51  Hellion x2  
  57  5:54  SCV  
  57  5:55  SCV  
  63  6:01  Barracks Reactor  
  63  6:05  Cyclone  
  63  6:07  SCV x2  
  62  6:19  SCV x2  
  62  6:23  Cyclone  
  62  6:24  Hellion  
  67  6:28  Factory  
  67  6:31  Hellion, SCV  
  67  6:32  Orbital Command  
  70  6:35  SCV  
  71  6:41  Hellion  
  71  6:43  SCV  
  71  6:45  Factory  
  73  6:50  Barracks Reactor  
  73  6:51  SCV  
  72  6:55  Cyclone, Hellion, SCV  
  72  6:59  Hellion  
  80  7:03  SCV  
  80  7:06  Cyclone  
  84  7:22  Factory, SCV x2, Orbital Command  
  81  7:31  Cyclone  
  81  7:32  Cyclone, Hellion x2  
  81  7:36  SCV x2  
  93  7:43  Orbital Command  
  93  7:44  Supply Depot  
  93  7:45  Supply Depot, Barracks Tech Lab  
  93  7:49  Hellion  
  91  7:55  Cyclone  
  91  7:56  Cyclone  
  97  8:01  SCV x2  
  99  8:09  Terran Vehicle Weapons Level 2  
  99  8:15  Factory  
  99  8:19  SCV x2  
  99  8:37  Cyclone x3, Hellion x2  
  99  8:40  Orbital Command  
  112  8:48  Cyclone  
  112  8:49  Cyclone, Hellion  
  112  8:52  Supply Depot x2  
  117  8:56  Refinery  
  117  9:01  Cyclone  
  117  9:02  Hellion  
  119  9:05  Hellion  
  121  9:13  SCV  
  121  9:14  SCV  
  120  9:17  SCV  
  120  9:22  Supply Depot  
  120  9:23  Supply Depot  
  119  9:26  SCV  
  120  9:31  Thor  
  120  9:33  Cyclone  
  127  9:43  Supply Depot  
  125  9:51  SCV x2  
  122  9:59  Cyclone x2, Hellion  
  124  10:00  Hellion  
  90  10:14  Cyclone  
  90  10:15  Hellion  
  92  10:27  SCV x2  
  88  10:28  SCV  
  89  10:40  Engineering Bay  
Show
View Real Time Build Order
Export as new Build Order

BLY Zerg - Winner!

Build Orders: Hatch First 

Get SALT Encoding   

  12  0:01  Drone  
  13  0:12  Overlord  
  13  0:17  Drone  
  14  0:30  Drone  
  14  0:31  Drone  
  14  0:34  Drone  
  17  0:52  Hatchery  
  17  0:56  Drone  
  17  0:57  Drone  
  17  1:01  Extractor  
  17  1:13  Spawning Pool  
  17  1:15  Drone  
  17  1:19  Drone  
  18  1:27  Drone  
  19  1:39  Overlord  
  19  1:49  Drone  
  20  2:00  Queen  
  20  2:01  Zergling x2  
  23  2:02  Metabolic Boost  
  23  2:03  Queen  
  23  2:06  Zergling x2  
  26  2:21  Drone x2  
  28  2:32  Drone, Hatchery  
  28  2:36  Drone x2  
  30  2:45  Queen  
  30  2:50  Overlord  
  32  2:56  Drone x2  
  34  3:04  Spore Crawler  
  33  3:13  Drone x5  
  33  3:14  Drone  
  33  3:16  Queen  
  42  3:25  Overlord  
  41  3:30  Overlord  
  41  3:32  Zergling x4  
  43  3:40  Zergling x2  
  43  3:41  Overlord  
  43  3:46  Queen  
  45  3:49  Zergling x6  
  45  3:54  Roach Warren  
  47  4:02  Zergling x12  
  52  4:21  Drone x5  
  53  4:24  Drone x2  
  53  4:26  Extractor  
  53  4:27  Extractor  
  52  4:37  Roach x6  
  52  4:38  Roach  
  66  4:41  Zergling x4  
  66  4:43  Zergling x2  
  69  4:50  Zergling x2  
  69  4:51  Zergling x4  
  67  5:08  Zergling x2  
  67  5:09  Zergling x12  
  67  5:10  Overlord  
  62  5:29  Drone x8  
  66  5:36  Drone  
  66  5:38  Lair  
  66  5:40  Ravager x4  
  66  5:42  Drone x5  
  75  5:55  Roach x3  
  80  5:58  Drone  
  80  6:03  Extractor  
  80  6:04  Zergling x4, Evolution Chamber  
  77  6:23  Roach  
  77  6:24  Roach x3  
  78  6:40  Roach  
  78  6:42  Overlord x3  
  78  6:44  Overlord x2  
  78  6:46  Glial Reconstitution  
  77  6:56  Ravager x4  
  77  6:58  Overlord  
  77  6:59  Queen x2  
  85  7:06  Overlord  
  85  7:07  Zerg Missile Weapons Level 1  
  85  7:08  Roach x6  
  89  7:10  Zergling x8  
  101  7:28  Roach x3  
  105  7:39  Drone  
  105  7:40  Drone x10  
  116  7:51  Hatchery  
  116  7:55  Roach x2  
  116  7:56  Roach x2, Extractor  
  122  7:59  Infestation Pit  
  122  8:04  Drone x4  
  125  8:09  Roach  
  125  8:10  Roach x5  
  137  8:15  Drone  
  137  8:16  Spire  
  137  8:17  Extractor  
  136  8:22  Drone x2  
  138  8:40  Overlord x3  
  136  8:42  Overlord  
  134  8:51  Drone  
  127  9:19  Drone  
  127  9:20  Drone  
  123  9:29  Mutalisk x3  
  123  9:30  Mutalisk x9  
  141  9:45  Extractor x2  
  137  9:56  Roach x3  
  137  9:57  Roach x9  
  141  10:15  Roach  
  141  10:16  Roach x9  
  153  10:23  Roach  
  153  10:24  Roach x6  
Tags
 
Add a new tag
Caveats
  • Supply blocks, unpowered buildings, or Contaminate may cause inaccurate times.
  • Supply counts are checked every 10 seconds.